 Dungeon Sprint DCSS version 0.18-a0-1323-g706dcef (webtiles) character file.

46 Kidiri the Insei (level 3, -1/30 HPs)
             Began as a Draconian Transmuter on Feb 15, 2016.
             Was a Believer of Qazlal.
             Slain by a flying skull (4 damage)
             ... in the Dungeon (Sprint VII: "The Pits").
             The game lasted 00:02:28 (635 turns).

Kidiri the Insei (Draconian Transmuter)              Turns: 635, Time: 00:02:28

Health: -1/30      AC:  5    Str: 12    XL:     3   Next: 44%
Magic:  7/7        EV: 13    Int: 13    God:    Qazlal [**....]
Gold:   0          SH:  2    Dex: 12    Spells: 2 memorised, 3 levels left

rFire  . . .     SeeInvis .       - Unarmed
rCold  . . .     Gourm    .     (armour unavailable)
rNeg   . . .     Faith    .     (no shield)
rPois  .         Spirit   .     (helmet restricted)
rElec  .         Dismiss  .     (no cloak)
rCorr  .         Reflect  .     (no gloves)
SustAt .         Harm     .     (no boots)
MR     .....     NoTele   +     (no amulet)
Stlth  +.........               (no ring)
                                (no ring)

@: not resistant to hostile enchantments, very unstealthy
A: unfitting armour, cold-blooded, AC +5
a: Upheaval, Renounce Religion


You were in the Dungeon.
You worshipped Qazlal.
Qazlal was pleased with you.
You were not hungry.

You visited 1 branch

Inventory:

Missiles
 a - 12 arrows
Scrolls
 i - a scroll of blinking
 m - 3 scrolls of remove curse
 n - 5 scrolls of amnesia
 o - a scroll of summoning
Potions
 f - a potion of haste
 g - 4 potions of magic
 h - 2 potions of berserk rage
 l - 2 potions of invisibility
Books
 b - a book of Changes

   Spells                             Type                      Level
   a - Beastly Appendage              Transmutation                1
   b - Sticks to Snakes               Transmutation                2
   c - Spider Form                    Transmutation/Poison         3
   d - Ice Form                       Ice/Transmutation            4
   e - Blade Hands                    Transmutation                5
Comestibles
 c - 8 bread rations
 j - 40 fruits
 k - 7 meat rations


   Skills:
 + Level 2.5 Fighting
 * Level 3.3 Dodging
 * Level 4.5 Unarmed Combat
 + Level 2.7 Spellcasting
 * Level 3.6 Transmutations
 + Level 0.4 Poison Magic
 + Level 2.0 Invocations


You had 3 spell levels left.
You knew the following spells:

 Your Spells              Type           Power        Failure   Level  Hunger
a - Beastly Appendage     Trmt           ##....       8%          1    #......
b - Spider Form           Trmt/Pois      #.........   34%         3    ###....


Dungeon Overview and Level Annotations

Branches:
Dungeon (1/1)

Altars:
Ashenzari
Cheibriados
Dithmenos
Elyvilon
Fedhas
Gozag
Kikubaaqudgha
Makhleb
Nemelex Xobeh
Okawaru
Pakellas
Qazlal
Ru
Sif Muna
Trog
Vehumet
Xom
Yredelemnul
Zin
The Shining One
Beogh
Jiyva
Lugonu


Innate Abilities, Weirdness & Mutations

Your plain brown scales are hard (AC +5).
Your body does not fit into most forms of armour.
You are cold-blooded and may be slowed by cold attacks.


Message History

The flying skull hits you but does no damage.
You hit the flying skull but do no damage.
Your kick misses the flying skull.
Your tail-slap misses the flying skull.
Your transformation is almost over.
The flying skull hits you! x2
* * * LOW HITPOINT WARNING * * *
You are too injured to fight recklessly!
Unknown command.
There is an open door here.
There is an open door here.
The flying skull hits you.
* * * LOW HITPOINT WARNING * * *
Unknown command.
Drink which item? (? for menu, Esc to quit)
Okay, then.
There is an open door here.
Your talons disappear.
The flying skull barely misses you. The flying skull hits you.
You die...

############ #__________#
#__________#
#_#####+##############++#
#_#)))+.+..##............
#_#)))#.#?(##......#..#..
#######+#####............
#.........z@'............
#+#####o#####......#..#..
#..#..# #............
#..o..# ####+#####++#
#..#### #.......# #..#..#
#.......# #..#..#
#.......#
##o#o.#+###...<...#
#...ยง....##.......#


You could see a flying skull and an orc.

Vanquished Creatures
  A worker ant (D)
  A river rat (D)
  A giant eyeball (D)
  A giant gecko (D)
  A bat skeleton (D)
  2 giant cockroaches (D)
  A bat (D)
8 creatures vanquished.

Notes
Turn   | Place    | Note
--------------------------------------------------------------
     0 | D        | Kidiri the Draconian Transmuter began the quest for the Orb.
     0 | D        | Reached XP level 1. HP: 16/16 MP: 3/3
    46 | D        | Found a sacrificial altar of Ru.
    46 | D        | Found a basalt altar of Yredelemnul.
    46 | D        | Found a shadowy altar of Dithmenos.
    46 | D        | Found a deep blue altar of Sif Muna.
    46 | D        | Found a burning altar of Makhleb.
    46 | D        | Found a shimmering altar of Xom.
    46 | D        | Found an ancient bone altar of Kikubaaqudgha.
    46 | D        | Found a sparkling altar of Nemelex Xobeh.
    47 | D        | Found a glowing golden altar of the Shining One.
    47 | D        | Found a bloodstained altar of Trog.
    47 | D        | Found a shattered altar of Ashenzari.
    47 | D        | Found a white marble altar of Elyvilon.
    47 | D        | Found a snail-covered altar of Cheibriados.
    47 | D        | Found a blossoming altar of Fedhas.
    47 | D        | Found a radiant altar of Vehumet.
    47 | D        | Found a glowing silver altar of Zin.
    47 | D        | Found a corrupted altar of Lugonu.
    47 | D        | Found a viscous altar of Jiyva.
    47 | D        | Found a roughly hewn altar of Beogh.
    47 | D        | Found an iron altar of Okawaru.
    48 | D        | Found an oddly glowing altar of Pakellas.
    53 | D        | Found a stormy altar of Qazlal.
    53 | D        | Found an opulent altar of Gozag.
    87 | D        | Became a worshipper of Qazlal Stormbringer
   130 | D        | Reached skill level 1 in Invocations
   130 | D        | Reached XP level 2. HP: 7/24 MP: 1/5
   351 | D        | Reached * piety under Qazlal
   351 | D        | Reached skill level 4 in Unarmed Combat
   351 | D        | Reached XP level 3. HP: 19/30 MP: 7/7
   610 | D        | Learned a level 3 spell: Spider Form
   615 | D        | Noticed a flying skull
   623 | D        | Reached ** piety under Qazlal
   635 | D        | Slain by a flying skull

Vault maps used:
D:        pitsprint

Action                   || total
-------------------------++-------
Melee: Unarmed           ||    30
 Cast: Beastly Appendage ||     6
  Use: Potion            ||     3
 Stab: Sleeping          ||     1
